AoeStats
← orag0ny

Arabia

510101245Analyzed
1v1 RM · 3d ago on Sep 29, 2026· 37m 46s· 2 players
Game mode
Random Map
Map size
Tiny (2 player)
Population
200
Speed
Normal
Resources
Standard
Victory
Conquest
Starting age
Dark Age
Ending age
Imperial Age
RankedLock teamsTeams togetherTeam positionsShared explorationLock speedFull tech treeHidden civsTurbo modeCheats
Victory
Defeat
🇲🇽 Saracens · Mexico
805
+16
🇨🇳 Franks · China
796
-16
orag0ny
8:30 Loom
11:07 Feudal Age
15:49 Castle Age
14:38 Scale Barding Armor
16:34 Husbandry
16:56 Double-Bit Axe
22:05 Chain Barding Armor
26:55 Arson
28:04 Scale Mail Armor
Blackshadow
7:52 Loom
10:05 Feudal Age
10:35 Double-Bit Axe
15:30 Horse Collar
20:04 Castle Age
21:15 Bow Saw
23:07 Husbandry
25:37 Bloodlines
27:50 Stone Mining
Connection lost

Rejoining the realm…

Still unreachable

The connection could not be restored.

Session expired

The server has moved on; the page needs a fresh start.